woodfighter, neutral female scurrid Archeologist --- |}}}| -- |.----- ----}}}| -.- --- ---- ---- -......-- |..}}}- ...- --.-- ----|..| |..|------ |......---.}}}- -... |...| |((.-..----..|*%**!| |..........}}.| --- |...-|..-- |((.|....|...-.%.%.| -- -------|-....}.}.---.. -..^|[.| |((.|........|.)!..| |. ..|.....|....}}......- - - -- ---....| -----..`.....-------+-- |#+-#+|.....|...}}}}.....| |..--. --...-- |....................|.....|.----|..}}}}}.....| |......----....| --...........-@-----+-|.... #|??.|.}}}}}}.....| ----- |...........-- --...---|---..|./|(.| ... #|?.?|.}}}}}......--+---|..>| ---.......--- ---....|.....|..|.(|..| --|----.|?.?|..}}}}}...........|...| |.. --....| |......|(....|..----|-----.......|...|.}}}}}}}..........--.-- | - |.|..-- |.#....|.._..|..%...............--|---.}}}}}}}-+---+-...........| ----..| |......|.....|...------...............}}..}}}}| |.........------- --.| --..#..--------..+...(|.....------...}}..}}}}*| |....----.......| -- --.........- ---|....|.....+ |..}.}..}}}}.-------...--..--......--- ---.----.....----------.....| |.}}}....}}}............*...|........- |...| |.....................| -}}}.....}}}.----------.----.<...- ----- ----------------------- -}}}.---.}}}}.| --- --.| .| |}}}--- ---}}}}| --- -- woodfighter the Field Worker Experience level: 5 Strength: 12 Dexterity: 10 Constitution: 15 Intelligence: 16 Wisdom: 16 Charisma: 7 Health: 0(35) Energy: 22(22) Def: 11 Gold: 0 Moves: 1145 Dungeon seed: 0rMtaBcDs1w0nq4r Game ID: woodfighter_1533069924 Your Inventory: Weapons a - a +2 bullwhip (weapon in paw) B - 18 blessed +1 darts (in quiver) Armor e - an uncursed +0 leather jacket (being worn) n - an uncursed +0 pair of leather gloves (being worn) q - an uncursed +0 mummy wrapping N - an uncursed +9 dwarvish cloak (being worn) Comestibles b - 3 uncursed chestnuts u - 3 uncursed food rations x - 2 uncursed tripe rations Wands o - a wand of nothing (0:4) A - a wand of secret door detection (0:14) G - a wand of speed monster (0:4) Tools c - an uncursed pair of lenses (being worn) s - an uncursed sack y - an uncursed lock pick D - an uncursed brass lantern (0:1246) Gems m - an uncursed diamond z - an uncursed opal Q - an uncursed touchstone Y - an uncursed fluorite Spells and supernatural/magical abilities: Name Level Category Fail Memory W - pray for help -- divine ? -- Your skills at the end: Miscellaneous Skills wands [Basic] Weapon Skills boomerang [Basic] whip [Basic] Spellcasting Skills Final Attributes: You were devoutly aligned. You had automatic searching. You had infravision. You were very stealthy. You were fast. You are dead. Vanquished creatures: a dwarf lord a bugbear 4 gnome lords a kobold mummy a floating eye 7 dwarves a giant bat a monkey 2 hobbits a large kobold 3 geckos a yellow mold 11 gnomes a jackal a fox a newt 3 sewer rats 6 grid bugs a lichen 48 creatures vanquished. Voluntary challenges: You were vegetarian. You did not cause conflict. You were not invisible. You did not have reflection. You were not displaced. You used a wielded weapon 94 times, starting on turn 16. You did not apply a unicorn horn. You did not use plumbed fixtures. You did not drink any magical draughts. You read items or engraved 1 time, starting on turn 701. You never genocided any monsters. You never polymorphed an object. You never changed form. You used no wishes. You never split a pudding. You never wrote Elbereth's name. You never violated your personal moral code. Dungeon overview: The Dungeons of Doom: levels 1 to 3 Level 1 a fountain a long staircase Level 2 stairs to The Gnomish Mines Level 3 The Gnomish Mines: levels 3 to 6 Level 3 stairs to The Dungeons of Doom Level 4 Level 5 <- You were here some shops, a temple to Camaxtli, a magic chest, some trees Level 6 History has recorded: On T:1 you entered the Dungeons of Doom to retrieve the Amulet of Yendor! On T:157 you reached level 2 of The Dungeons of Doom. On T:203 you reached level 3 of The Dungeons of Doom. On T:311 you reached level 1 of The Gnomish Mines. On T:352 you advanced to experience level 2. On T:354 you advanced to experience level 3. On T:371 you advanced to experience level 4. On T:497 you reached level 2 of The Gnomish Mines. On T:547 you advanced to experience level 5. On T:743 you reached level 3 of The Gnomish Mines. On T:886 you reached level 4 of The Gnomish Mines. On T:992 you entered the Minetown temple On T:997 you opened a magic chest. Score breakdown: Gold: 0 ( 0 points) Experience: 5 levels ( 400 points) Exploration: 6 levels ( 150 points) Discoveries: 20 items ( 1000 points) Variety of kills: 19 monsters ( 950 points) Major goal: reached Minetown ( 500 points) Survival: died (score multiplied by 3) Total score: 9000 Latest messages: "Hello, woodfighter! Welcome to Izchak's lighting store!" The gnome zaps himself with a long wand! The gnome is suddenly moving faster. "Hello, woodfighter! Welcome again to Izchak's lighting store!" You kill the gnome! G - a long wand. You see here 6 tallow candles (90 zorkmids). You see here a tallow candle (15 zorkmids). (2x) You see here 3 tallow candles (45 zorkmids). You see here 7 tallow candles (105 zorkmids). You see here an oil lamp (15 zorkmids). You see here 6 tallow candles (90 zorkmids). This door is locked. You succeed in picking the lock. The door opens. You whip the gnome. The gnome zaps a short wand, which suddenly explodes! The gnome is caught in the magical blast! The gnome is killed! You are caught in the magical blast! The sack is empty. The sack is empty. Final status: Goodbye woodfighter the Archeologist, killed by a magical blast... You died in The Gnomish Mines on dungeon level 5 with 9000 points, and 0 pieces of gold, after 1145 moves. You were level 5 with a maximum of 35 hit points when you died.